 Dungeon Crawl Stone Soup version 0.28-a0-697-g47f3eba078 (webtiles) character file.

Game seed: 11232285096902167924

366 Gargoyl the Fighter (level 6, -11/57 HPs)
             Began as a Gnoll Abyssal Knight on Oct 23, 2021.
             Was a Follower of Lugonu.
             Mangled by an orc warrior (15 damage)
             ... on level 3 of the Dungeon.
             The game lasted 00:02:12 (2035 turns).

Gargoyl the Fighter (Gnoll Abyssal Knight)          Turns: 2035, Time: 00:02:13

Health: -11/57     AC:  6    Str: 14    XL:     6   Next: 68%
Magic:  9/14       EV: 14    Int:  9    God:    Lugonu [*.....]
Gold:   60         SH:  0    Dex: 13    Spells: 15/15 levels left

rFire   . . .      SeeInvis .   a - +2 hand axe
rCold   . . .      Faith    .   (no shield)
rNeg    . . .      Spirit   .   b - +0 leather armour
rPois   .          Reflect  .   (no helmet)
rElec   .          Harm     .   (no cloak)
rCorr   .          Rampage  .   (no gloves)
Will    .....                   e - +1 pair of boots
Stlth   +++.......              (no amulet)
HPRegen 0.19/turn               (no ring)
MPRegen 0.14/turn               (no ring)

@: no status effects
A: fangs 1, strong nose, distributed training
a: Renounce Religion, Depart the Abyss


You were on level 3 of the Dungeon.
You worshipped Lugonu.
Lugonu was aware of your devotion.
You visited 1 branch of the dungeon, and saw 3 of its levels.
You visited the Abyss 1 time.

You collected 60 gold pieces.

Inventory:

Hand Weapons
 a - a +2 hand axe (weapon)
Armour
 b - a +0 leather armour (worn)
 e - a +1 pair of boots (worn)
Jewellery
 h - an amulet of magic regeneration
Scrolls
 c - a scroll of identify


   Skills:
 + Level 8.5 Fighting
 + Level 5.3 Short Blades
 + Level 5.3 Long Blades
 + Level 7.1 Axes
 + Level 5.3 Maces & Flails
 + Level 5.3 Polearms
 + Level 5.3 Staves
 + Level 5.3 Slings
 + Level 5.3 Bows
 + Level 5.3 Crossbows
 + Level 5.3 Throwing
 + Level 7.1 Armour
 + Level 6.0 Dodging
 + Level 5.3 Stealth
 + Level 5.3 Shields
 + Level 5.3 Unarmed Combat
 + Level 5.3 Spellcasting
 + Level 4.4 Conjurations
 + Level 4.4 Hexes
 + Level 4.4 Summonings
 + Level 4.4 Necromancy
 + Level 4.4 Translocations
 + Level 4.4 Transmutations
 + Level 4.4 Fire Magic
 + Level 4.4 Ice Magic
 + Level 4.4 Air Magic
 + Level 4.4 Earth Magic
 + Level 4.4 Poison Magic
 + Level 7.5 Invocations
 + Level 5.3 Evocations


You had 15 spell levels left.
You didn't know any spells.
Your spell library contained the following spells:

 Spells                   Type           Power      Damage    Failure   Level
 Pain                     Necr           40%        1d6       4%          1
 Agony                    Necr           10%        N/A       77%         5
 Excruciating Wounds      Necr           5%         N/A       77%         5


Dungeon Overview and Level Annotations

Branches:
Dungeon (2/15)

Altars:


Innate Abilities, Weirdness & Mutations

You have very sharp teeth.
Your uncanny sense of smell can sniff out nearby items.
Your experience applies equally to all skills.


Message History

Your Polearms skill increases to level 5!
Your Staves skill increases to level 5!
Your Slings skill increases to level 5!
Your Bows skill increases to level 5!
Your Crossbows skill increases to level 5!
Your Throwing skill increases to level 5!
Your Armour skill increases to level 7!
Your Dodging skill increases to level 6!
Your Stealth skill increases to level 5!
Your Shields skill increases to level 5!
Your Unarmed Combat skill increases to level 5!
Your Spellcasting skill increases to level 5!
Your Conjurations skill increases to level 4!
Your Hexes skill increases to level 4!
Your Summonings skill increases to level 4!
Your Necromancy skill increases to level 4!
Your Translocations skill increases to level 4!
Your Transmutations skill increases to level 4!
Your Fire Magic skill increases to level 4!
Your Ice Magic skill increases to level 4!
Your Air Magic skill increases to level 4!
Your Earth Magic skill increases to level 4!
Your Poison Magic skill increases to level 4!
Your Invocations skill increases to level 7!
Your Evocations skill increases to level 5!
You have reached level 6!
Your experience leads to an increase in your attributes!
Increase (S)trength, (I)ntelligence, or (D)exterity?
You feel stronger.
The orc warrior hits you with a +0 mace!
* * * LOW HITPOINT WARNING * * *
Unknown command.
You hit the orc warrior but do no damage.
Your bite misses the orc warrior.
The orc warrior is lightly wounded.
The orc warrior hits you with a +0 mace.
* * * LOW HITPOINT WARNING * * *
You hit the orc warrior.
The orc warrior is lightly wounded.
The orc warrior hits you with a +0 mace!
You die...

.#.. # ..... .
#... .#
.#...######.#
.......^....#
#...........###
......)o).....#
#.....)@)...#
#.....$.....#
#...........#
###########.# #


You could see an orc warrior.

Vanquished Creatures
  A quasit (Abyss:1)
  2 adders (D:2)
  A dart slug (D:1)
  4 orcs (D:3)
  2 endoplasms (D:2)
  A giant cockroach (D:1)
  6 goblins
  4 hobgoblins
  6 jackals
  2 kobolds
  2 quokkas (D:1)
  2 ball pythons (D:1)
  4 bats
  A frilled lizard (D:1)
  6 rats
44 creatures vanquished.

Notes
Turn   | Place    | Note
-------+----------+-------------------------------------------
     0 | Abyss:1  | Gargoyl the Gnoll Abyssal Knight began the quest for the
                  | Orb.
     0 | Abyss:1  | Reached XP level 1. HP: 23/23 MP: 3/3
   100 | Abyss:1  | Noticed a quasit
   104 | Abyss:1  | Killed a quasit
   105 | Abyss:1  | Reached XP level 2. HP: 28/29 MP: 5/5
   105 | Abyss:1  | Reached XP level 3. HP: 34/35 MP: 6/6
   133 | Abyss:1  | Noticed a small abomination
   139 | Abyss:1  | Noticed a spatial maelstrom
   139 | Abyss:1  | Noticed a spatial vortex
   139 | Abyss:1  | Noticed a spatial vortex
   139 | Abyss:1  | Noticed a spatial vortex
   140 | Abyss:1  | Noticed a spatial vortex
   140 | Abyss:1  | Noticed a spatial vortex
   141 | Abyss:1  | Noticed a spatial vortex
   141 | Abyss:1  | Noticed a spatial vortex
   142 | D:1      | Escaped the Abyss
   411 | D:1      | Found a faded altar of an unknown god.
   520 | D:1      | Reached * piety under Lugonu
   550 | D:1      | Reached skill level 1 in Short Blades
   550 | D:1      | Reached skill level 1 in Long Blades
   550 | D:1      | Reached skill level 1 in Maces & Flails
   550 | D:1      | Reached skill level 1 in Polearms
   550 | D:1      | Reached skill level 1 in Staves
   550 | D:1      | Reached skill level 1 in Slings
   550 | D:1      | Reached skill level 1 in Bows
   550 | D:1      | Reached skill level 1 in Crossbows
   550 | D:1      | Reached skill level 1 in Throwing
   550 | D:1      | Reached skill level 1 in Stealth
   550 | D:1      | Reached skill level 1 in Shields
   550 | D:1      | Reached skill level 1 in Unarmed Combat
   550 | D:1      | Reached skill level 1 in Spellcasting
   550 | D:1      | Reached skill level 1 in Evocations
  1215 | D:2      | Reached XP level 4. HP: 41/41 MP: 7/7
  1764 | D:2      | Reached skill level 1 in Conjurations
  1764 | D:2      | Reached skill level 1 in Hexes
  1764 | D:2      | Reached skill level 1 in Summonings
  1764 | D:2      | Reached skill level 1 in Necromancy
  1764 | D:2      | Reached skill level 1 in Translocations
  1764 | D:2      | Reached skill level 1 in Transmutations
  1764 | D:2      | Reached skill level 1 in Fire Magic
  1764 | D:2      | Reached skill level 1 in Ice Magic
  1764 | D:2      | Reached skill level 1 in Air Magic
  1764 | D:2      | Reached skill level 1 in Earth Magic
  1764 | D:2      | Reached skill level 1 in Poison Magic
  2020 | D:2      | You fall into a shaft and drop 1 floor!
  2020 | D:3      | Noticed an orc warrior
  2026 | D:3      | Reached skill level 7 in Fighting
  2026 | D:3      | Reached skill level 5 in Dodging
  2026 | D:3      | Reached XP level 5. HP: 36/49 MP: 7/11
  2033 | D:3      | Reached skill level 8 in Fighting
  2033 | D:3      | Reached skill level 5 in Short Blades
  2033 | D:3      | Reached skill level 5 in Long Blades
  2033 | D:3      | Reached skill level 5 in Maces & Flails
  2033 | D:3      | Reached skill level 5 in Polearms
  2033 | D:3      | Reached skill level 5 in Staves
  2033 | D:3      | Reached skill level 5 in Slings
  2033 | D:3      | Reached skill level 5 in Bows
  2033 | D:3      | Reached skill level 5 in Crossbows
  2033 | D:3      | Reached skill level 5 in Throwing
  2033 | D:3      | Reached skill level 5 in Stealth
  2033 | D:3      | Reached skill level 5 in Shields
  2033 | D:3      | Reached skill level 5 in Unarmed Combat
  2033 | D:3      | Reached skill level 5 in Spellcasting
  2033 | D:3      | Reached skill level 5 in Evocations
  2033 | D:3      | Reached XP level 6. HP: 21/57 MP: 8/14
  2035 | D:3      | Mangled by an orc warrior

Illustrated notes

Levels and vault maps discovered:
D:1:      shiori_arrival_whats_in_store_for_you, layout_loops_ring,
          hellmonk_ecumenical_altar_arch_garden
D:2:      layout_basic, minmay_misc_feat_tiny
D:3:      layout_basic, lemuel_doored_altar, serial_shops, shop,
          serial_bayou_lagoon_b, uniq_crazy_yiuf_cottage

Skill      XL: |  1  2  3  4  5 |
---------------+----------------+-----
Short Blades   | 1 4 5 |  5.3
Long Blades    | 1 4 5 |  5.3
Maces & Flails | 1 4 5 |  5.3
Polearms       | 1 4 5 |  5.3
Staves         | 1 4 5 |  5.3
Slings         | 1 4 5 |  5.3
Bows           | 1 4 5 |  5.3
Crossbows      | 1 4 5 |  5.3
Throwing       | 1 4 5 |  5.3
Stealth        | 1 4 5 |  5.3
Shields        | 1 4 5 |  5.3
Unarmed Combat | 1 4 5 |  5.3
Spellcasting   | 1 4 5 |  5.3
Evocations     | 1 4 5 |  5.3
Conjurations   | 3 4 |  4.4
Hexes          | 3 4 |  4.4
Summonings     | 3 4 |  4.4
Necromancy     | 3 4 |  4.4
Translocations | 3 4 |  4.4
Transmutations | 3 4 |  4.4
Fire Magic     | 3 4 |  4.4
Ice Magic      | 3 4 |  4.4
Air Magic      | 3 4 |  4.4
Earth Magic    | 3 4 |  4.4
Poison Magic   | 3 4 |  4.4
Fighting       | 7 8 |  8.5
Axes           | 6 7 |  7.1
Armour         | 6 7 |  7.1
Dodging        | 5 6 |  6.0
Invocations    | 6 7 |  7.5

Action                   |  1- 3 |  4- 6 || total
-------------------------+-------+-------++-------
Melee: Hand axe          |    69 |    38 ||   107
       Bite              |     4 |     3 ||     7
Invok: Depart the Abyss  |     1 |       ||     1
  Use: Potion            |     1 |     3 ||     4
       Scroll            |     2 |     2 ||     4
 Stab: Sleeping          |     2 |     1 ||     3
Armor: Leather armour    |    35 |    13 ||    48
Dodge: Dodged            |    75 |    47 ||   122

Table legend: (Time is in decaauts)
 A = Elapsed time spent in this place.
 B = Non-inter-level travel time spent in this place.
 C = Inter-level travel time spent in this place.
 D = Time resting spent in this place.
 E = Time spent auto-exploring this place.
 F = Levels seen in this place.
 G = Mean time per level.
                   A        B        C        D        E       F      G
               +--------+--------+--------+--------+--------+-----+--------+
         Total |   2041 |   1989 |     52 |    157 |   1502 |   4 |  510.2 |
       Dungeon |   1899 |   1847 |     52 |    157 |   1378 |   3 |  633.0 |
         Abyss |    142 |    142 |      0 |      0 |    124 |   1 |  142.0 |
               +--------+--------+--------+--------+--------+-----+--------+

Top non-repeatable levels by time:
     D:1: 1017 daAuts
     D:2: 867 daAuts
 Abyss:1: 142 daAuts
     D:3: 14 daAuts
